 Dungeon Crawl Stone Soup version 0.31.0 (webtiles) character file.

Game seed: 9028415060682791365

461 qw the Shooter (level 7, 0/43 HPs)
             Began as a Gargoyle Hunter on Jan 19, 2024.
             Slain by Duvessa
             ... wielding a +0 short sword
              (3 damage)
             ... on level 4 of the Dungeon.
             The game lasted 00:00:10 (2067 turns).

qw the Shooter (Gargoyle Hunter)                    Turns: 2067, Time: 00:00:11

Health: 0/43       AC: 11    Str: 14    XL:     7   Next: 7%
Magic:  0/7        EV: 10    Int: 10    God:
Gold:   205        SH:  0    Dex: 15    Spells: 6/6 levels left

rFire   . . .        a - +0 shortbow (freeze)
rCold   . . .        (shield currently unavailable)
rNeg    + + .        g - +1 ring mail {rN+}
rPois   inf          (no helmet)
rElec   +            (no cloak)
rCorr   .            (no gloves)
SInv    .            (no boots)
Will    .....        e - amulet of guardian spirit
Stlth   +            (no ring)
HPRegen 0.27/turn    (no ring)
MPRegen 0.10/turn

%: guardian spirit
@: no status effects
A: sickness immunity, AC +4, negative energy resistance 1, electricity
resistance, torment resistance 1, petrification resistance
a: no special abilities


You were on level 4 of the Dungeon.
You visited 1 branch of the dungeon, and saw 4 of its levels.
You also visited: Sewer.

You collected 205 gold pieces.


Innate Abilities, Weirdness & Mutations

You are immune to sickness and miasma.
Your stone body is resilient. (AC +4)
You are immune to poison.
You resist negative energy. (rN+)
You are resistant to electric shocks. (rElec)
You are resistant to unholy torment.
You are immune to petrification.


   Skills:
 - Level 4.2 Fighting
 + Level 7.3 Ranged Weapons
 - Level 1.0 Armour
 - Level 1.5 Dodging
 - Level 1.1 Stealth


You had 6 spell levels left.
You didn't know any spells.
Your spell library was empty.

Inventory:

Hand Weapons
 a - a +0 shortbow of freezing (weapon)
Armour
 g - a +1 ring mail of positive energy (worn)
Jewellery
 e - an amulet of guardian spirit (around neck)
Scrolls
 d - a scroll of enchant weapon {unknown}
Potions
 b - a potion of might {unknown}
 c - a potion of enlightenment
 h - 2 potions of curing
 k - a potion of degeneration {unknown}

Dungeon Overview and Level Annotations

Branches:
Dungeon (4/15)              Sewer (visited)
 Temple: D:4-7

Altars:

Annotations:
D:4 Duvessa


Message History

The sleepcap closely misses you. Duvessa hits you but does no damage.
You shoot an arrow. The arrow misses Dowan.
Dowan barely misses you. The sleepcap releases spores at you.
Duvessa hits you but does no damage. Dowan hits you but does no damage.
The sleepcap releases spores at you but does no damage.
Duvessa hits you with a +0 short sword.
You shoot an arrow. The arrow barely misses Dowan.
Dowan hits you with a +3 dagger of electrocution.
The sleepcap releases spores at you. Duvessa misses you.
You shoot an arrow. The arrow hits Dowan.
The arrow freezes Dowan.
You kill Dowan!
Duvessa screams in rage.
Duvessa goes berserk!
Duvessa barely misses you. The sleepcap releases spores at you.
Duvessa hits you with a +0 short sword.
You have reached level 7!
2061 ||| RETREEEEATING.
Enter note: You shoot an arrow.
The arrow hits Duvessa.
The arrow freezes Duvessa.
Duvessa is moderately wounded.
Duvessa hits you with a +0 short sword.
The sleepcap releases spores at you but does no damage.
Duvessa hits you with a +0 short sword.
You shoot an arrow. The arrow hits Duvessa.
The arrow freezes Duvessa.
Duvessa is moderately wounded.
Duvessa barely misses you. The sleepcap closely misses you.
You shoot an arrow. The arrow barely misses Duvessa.
Duvessa hits you but does no damage. The sleepcap releases spores at you.
Duvessa closely misses you.
You shoot an arrow. The arrow hits Duvessa.
The arrow freezes Duvessa.
Duvessa is heavily wounded.
Duvessa barely misses you. The sleepcap misses you. Duvessa closely misses you.
The sleepcap releases spores at you but does no damage.
You shoot an arrow. The arrow hits Duvessa.
The arrow freezes Duvessa.
Duvessa is heavily wounded.
Duvessa hits you with a +0 short sword. The sleepcap closely misses you.
Duvessa hits you with a +0 short sword.
You shoot an arrow. The arrow barely misses Duvessa.
Duvessa hits you with a +0 short sword.
You die...

##...###..###........
+...+......%..##....
+.}.+.#.#)#...# .#
+[..+.........#
##...###..###..#
#.....######...#
)......####....#..#
...................
##......@..#.##.#...
........ef.### .# ..
.........).# .. .
....##....## ...
##......... ++
#......#...
.......)....
...#...#... ...#.}.
...


You could see Duvessa (berserk) and a sleepcap.

Vanquished Creatures
  A crocodile (Sewer)
  A brain worm (Sewer)
  A scorpion (D:4)
  Dowan (D:4)
  An orc priest (D:3)
  3 gnolls (D:2)
  4 adders
  6 dart slugs
  3 ribbon worms (D:2)
  2 orcs (D:3)
  11 bats
  10 endoplasms
  4 giant cockroaches
  7 goblins
  4 hobgoblins
  6 quokkas
  7 ball pythons
  4 frilled lizards
  5 kobolds
  7 rats
88 creatures vanquished.

Notes
Turn   | Place    | Note
-------+----------+-------------------------------------------
     0 | D:1      | qw the Gargoyle Hunter began the quest for the Orb.
     0 | D:1      | Reached XP level 1. HP: 12/12 MP: 1/1
     0 | D:1      | 0 ||| qw: Version: 0.3-a-132-g3d54051
     0 | D:1      | 0 ||| qw: Game counter: 17
     0 | D:1      | 0 ||| qw: Melee chars always use a shield: true
     0 | D:1      | 0 ||| qw: God list: Okawaru
     0 | D:1      | 0 ||| qw: Allow faded altars: false
     0 | D:1      | 0 ||| qw: Do Orc after clearing Dungeon:15 true
     0 | D:1      | 0 ||| qw: Do second Lair branch before Depths: true
     0 | D:1      | 0 ||| qw: Lair rune preference: random
     0 | D:1      | 0 ||| qw: Goals: Normal
     0 | D:1      | 0 ||| PLANNING D:1-11
    64 | D:1      | Reached XP level 2. HP: 17/17 MP: 2/2
   171 | D:1      | Reached XP level 3. HP: 21/21 MP: 3/3
   178 | D:1      | Reached skill level 5 in Ranged Weapons
   445 | D:1      | 445 ||| UPGRADING to +0 ring mail.
   455 | D:1      | 455 ||| DROPPING +0 leather armour.
   456 | D:1      | 456 ||| READING 2 scrolls labelled LYIFOE QUACIA.
   456 | D:1      | 456 ||| IDENTIFYING fuming silvery potion
   457 | D:1      | 457 ||| READING scroll of identify.
   457 | D:1      | 457 ||| IDENTIFYING orange potion
   458 | D:1      | 458 ||| READING scroll labelled CURIROT KAPH.
   459 | D:1      | 459 ||| DROPPING scroll of butterflies.
   460 | D:1      | 460 ||| DROPPING potion of brilliance.
   540 | D:2      | Reached skill level 1 in Armour
   755 | D:2      | Reached XP level 4. HP: 27/27 MP: 4/4
   769 | D:2      | Reached skill level 3 in Fighting
   911 | D:2      | 911 ||| FLEEEEING.
   914 | D:2      | 914 ||| FLEEEEING.
   915 | D:2      | 915 ||| FLEEEEING.
   916 | D:2      | 916 ||| FLEEEEING.
   917 | D:2      | 917 ||| FLEEEEING.
   918 | D:2      | 918 ||| FLEEEEING.
   919 | D:2      | 919 ||| FLEEEEING.
   927 | D:2      | 927 ||| FLEEEEING.
   928 | D:2      | 928 ||| FLEEEEING.
   929 | D:2      | 929 ||| FLEEEEING.
   930 | D:2      | 930 ||| FLEEEEING.
   931 | D:2      | 931 ||| FLEEEEING.
   932 | D:2      | 932 ||| FLEEEEING.
   933 | D:2      | 933 ||| STAIRDANCE
   969 | D:1      | 969 ||| UPGRADING to amulet of guardian spirit.
   974 | D:1      | 974 ||| READING scroll of identify.
   974 | D:1      | 974 ||| IDENTIFYING metallic green potion
   975 | D:1      | 975 ||| READING scroll labelled MYS WENODGH.
   976 | D:1      | 976 ||| DROPPING potion of attraction.
   983 | D:2      | 983 ||| STAIRDANCE
  1093 | D:2      | 1093 ||| RETREEEEATING.
  1094 | D:2      | 1094 ||| RETREEEEATING.
  1095 | D:2      | 1095 ||| RETREEEEATING.
  1097 | D:2      | 1097 ||| RETREEEEATING.
  1114 | D:2      | Reached XP level 5. HP: 18/32 MP: 3/5
  1131 | D:2      | 1131 ||| FLEEEEING.
  1258 | D:2      | 1258 ||| DRINKING 2 clear potions.
  1282 | D:3      | 1282 ||| PLANNING SEWER
  1349 | D:3      | Found a glowing drain.
  1350 | D:3      | 1350 ||| READING scroll labelled ZIAXKY XUMECK.
  1350 | D:3      | 1350 ||| BRANDING +0 shortbow.
  1362 | Sewer    | Entered a sewer
  1391 | Sewer    | Reached skill level 6 in Ranged Weapons
  1428 | Sewer    | Noticed a crocodile
  1435 | Sewer    | Killed a crocodile
  1436 | Sewer    | Reached XP level 6. HP: 32/38 MP: 4/6
  1495 | D:3      | 1495 ||| PLANNING D:1-11
  1527 | D:3      | 1527 ||| READING scroll of brand weapon.
  1527 | D:3      | 1527 ||| BRANDING +0 shortbow of flaming.
  1887 | D:3      | 1887 ||| FLEEEEING.
  1965 | D:3      | 1965 ||| UPGRADING to +1 ring mail of positive energy.
  1975 | D:3      | 1975 ||| DROPPING +0 ring mail.
  1976 | D:3      | 1976 ||| READING scroll labelled WUACAI BEUSCH.
  1979 | D:3      | 1979 ||| READING 2 scrolls labelled JEMINASISCH.
  1980 | D:3      | 1980 ||| DRINKING 2 amethyst potions.
  1981 | D:3      | 1981 ||| DRINKING 3 potions of curing.
  1981 | D:3      | 1981 ||| (to cure confusion)
  1982 | D:3      | 1982 ||| DROPPING scroll of noise.
  1983 | D:3      | 1983 ||| DROPPING potion of ambrosia.
  2018 | D:4      | Reached skill level 7 in Ranged Weapons
  2048 | D:4      | Noticed Dowan
  2048 | D:4      | Noticed Duvessa
  2060 | D:4      | Killed Dowan
  2061 | D:4      | Reached XP level 7. HP: 14/43 MP: 1/7
  2061 | D:4      | 2061 ||| RETREEEEATING.
  2062 | D:4      | HP: 7/43 [Duvessa/+0 short sword (4)]
  2066 | D:4      | HP: 3/43 [Duvessa/+0 short sword (1)]
  2067 | D:4      | Slain by Duvessa

Levels and vault maps discovered:
D:1:      dpeg_arrival_arbitrary_c, layout_rooms
D:2:      layout_loops_ring, minmay_misc_feat_nine_boxes, st_stairs_4
D:3:      layout_basic, cheibrodos_sewer_entry_drain
D:4:      layout_cave_pools, minmay_temple_entry_junction_2, serial_library,
          serial_library_hellmonk_angled_corner,
          serial_library_hellmonk_layered_room,
          serial_library_hellmonk_double_dead_end,
          serial_library_regret_index_split_case,
          serial_library_hellmonk_junction,
          serial_library_regret_index_small_wings,
          serial_library_hellmonk_secret_room,
          serial_library_hellmonk_layered_room,
          serial_library_hellmonk_small_alcove,
          serial_library_hellmonk_long_bookcase, gammafunk_ghost_grave,
          uniq_duvessa

Skill      XL: |  1  2  3  4  5  6 |
---------------+-------------------+-----
Ranged Weapons | 5 6 7 |  7.3
Armour         | 1 |  1.0
Fighting       | 3 4 |  4.2
Dodging        | |  1.5
Stealth        | |  1.1

Action                     |  1- 3 |  4- 6 |  7- 9 || total
---------------------------+-------+-------+-------++-------
   Fire: Shortbow          |    90 |   147 |     6 ||   243
    Use: Scroll            |     3 |     6 |       ||     9
         Potion            |       |     3 |       ||     3
 Armour: Leather armour    |    14 |       |       ||    14
         Ring mail         |     3 |    64 |     9 ||    76
  Dodge: Dodged            |    13 |    44 |     7 ||    64

Table legend:
 A = Non-vault XP
 B = Vault XP
 C = Vault XP percentage of total XP
 D = Non-vault monster count
 E = Vault monster count
 F = Vault count percentage of total count
                 A         B        C        D         E       F
            +---------+---------+-------+---------+---------+-------
      Total |     360 |     299 |  45.4 |      72 |      16 |  18.2
            +---------+---------+-------+---------+---------+-------
        D:1 |      55 |       0 |   0.0 |      29 |       0 |   0.0
        D:2 |     108 |       4 |   3.6 |      23 |       3 |  11.5
        D:3 |     104 |       5 |   4.6 |      16 |       3 |  15.8
        D:4 |      93 |      69 |  42.6 |       4 |       1 |  20.0
      Sewer |       0 |     221 | 100.0 |       0 |       9 | 100.0
            +---------+---------+-------+---------+---------+-------
